 Dungeon Crawl Stone Soup version 0.20.1-1-g8b1a95d (webtiles) character file.

72 Folque the Conjurer (level 4, -2/58 HPs)
             Began as a Tengu Conjurer on Nov 4, 2017.
             Splashed by a jelly's acid (5 damage)
             ... on level 3 of the Dungeon.
             The game lasted 00:07:49 (1517 turns).

Folque the Conjurer (Tengu Conjurer)                Turns: 1517, Time: 00:07:50

Health: -2/58      AC: 18    Str: 13    XL:     4   Next: 26%
Magic:  2/9        EV:  2    Int: 17    God:
Gold:   213        SH:  0    Dex: 19    Spells: 2/8 levels left

rFire    . . .     SeeInvis .   k - +0 dagger (curse)
rCold    . . .     Gourm    .   (no shield)
rNeg     + + +     Faith    .   (armour currently unavailable)
rPois    +         Spirit   .   (helmet currently unavailable)
rElec    .         Reflect  .   (cloak currently unavailable)
rCorr    .         Harm     .   (gloves currently unavailable)
MR       .....     NoTele   +   (boots unavailable)
Stlth    ..........             (no amulet)
Regen    0.2/turn               (no ring)
MPRegen  0.2/turn               (no ring)

@: agile, berserking, tree-form, corroded, very slightly contaminated, very
quick
A: no striking features
a: no special abilities


You were on level 3 of the Dungeon.
You were not hungry.
You were a tree.
You visited 1 branch of the dungeon, and saw 3 of its levels.

You collected 213 gold pieces.

Inventory:

Hand Weapons
 f - a +0 spear
 i - a +0 club
 j - a +0 whip of flaming
 k - a cursed +0 dagger (weapon)
Armour
 a - a +1 robe (melded)
 l - a +0 leather armour
Scrolls
 e - a scroll of random uselessness
Potions
 g - a potion of might
Books
 b - a book of Conjurations

   Spells                             Type                      Level
   a - Magic Dart                     Conjuration                  1
   b - Searing Ray                    Conjuration                  2
   c - Dazzling Spray                 Conjuration/Hexes            3
   d - Fulminant Prism                Conjuration/Hexes            4
   e - Force Lance                    Conjuration/Translocation    4
   f - Iskenderun's Mystic Blast      Conjuration                  4
Comestibles
 c - a bread ration
 m - 2 fruits
 p - 4 chunks of flesh


   Skills:
 + Level 2.2 Fighting
 - Level 2.1 Dodging
 - Level 2.0 Stealth
 + Level 2.7 Spellcasting
 * Level 5.9 Conjurations


You had 2 spell levels left.
You knew the following spells:

 Your Spells              Type           Power        Failure   Level  Hunger
a - Magic Dart            Conj           ###.         1%          1    #......
b - Searing Ray           Conj           ###...       2%          2    ##.....
c - Dazzling Spray        Conj/Hex       ##....       16%         3    ###....


Dungeon Overview and Level Annotations

Branches:
Dungeon (2/15)

Altars:


Innate Abilities, Weirdness & Mutations

((You have a beak for a mouth.))
((You have claws for feet.))


Message History

The spray of energy hits the orc.
You kill the orc!
The spray of energy hits the orc.
You kill the orc!
The orc priest invokes the aid of Beogh against you.
Beogh smites you!
* * * LOW HITPOINT WARNING * * *
It was a potion of lignification.
You turn into a tree.
Your +1 robe melds into your body.
Your roots penetrate the ground.
It was a potion of curing.
You feel better.
It was a potion of agility.
You feel agile all of a sudden.
It was a potion of berserk rage.
A red film seems to cover your vision as you go berserk!
You feel yourself moving faster!
You feel mighty! The jelly hits you.
* * * LOW HITPOINT WARNING * * *
You are splashed with acid!
The acid burns!
* * * LOW HITPOINT WARNING * * *
You puncture the jelly! The acid corrodes you!
Your branches burn!
You die...

#.####.......#
#.o..........#
######....)..#
#.......#
#.......#
#.o.....#
#.......#
#.)J....#
#..♣..).#
#.......#
#########


You could see a jelly and an orc priest.

Vanquished Creatures
  4 adders
  2 worms (D:2)
  2 orcs (D:3)
  2 ball pythons (D:2)
  3 giant cockroaches
  3 goblins
  4 hobgoblins
  3 bats
  A frilled lizard (D:1)
  5 kobolds
  A rat (D:1)
30 creatures vanquished.

Notes
Turn   | Place    | Note
-------+----------+-------------------------------------------
     0 | D:1      | Folque the Tengu Conjurer began the quest for the Orb.
     0 | D:1      | Reached XP level 1. HP: 10/10 MP: 4/4
   407 | D:1      | Reached skill level 1 in Fighting
   407 | D:1      | Reached XP level 2. HP: 16/16 MP: 4/6
   869 | D:2      | Reached XP level 3. HP: 21/21 MP: 5/7
   916 | D:2      | Learned a level 2 spell: Searing Ray
   920 | D:2      | Learned a level 3 spell: Dazzling Spray
  1407 | D:2      | You fall through a shaft!
  1431 | D:3      | Reached XP level 4. HP: 26/26 MP: 5/9
  1512 | D:3      | HP: 1/26 [orc priest/divine providence (11)]
  1517 | D:3      | Splashed by a jelly's acid

Skill      XL: |  1  2  3 |
---------------+----------+-----
Fighting       | 1 2 |  2.2
Dodging        | |  2.1
Stealth        | |  2.0
Spellcasting   | |  2.7
Conjurations   | |  5.9

Action                   |  1- 3 |  4- 6 || total
-------------------------+-------+-------++-------
Melee: Unarmed           |    11 |       ||    11
       Club              |     2 |       ||     2
       Kick              |     9 |       ||     9
       Peck              |     4 |       ||     4
       Dagger            |    30 |     1 ||    31
 Cast: Magic Dart        |    33 |     5 ||    38
       Searing Ray       |     4 |       ||     4
       Dazzling Spray    |     1 |     1 ||     2
  Use: Scroll            |     7 |       ||     7
       Potion            |       |     4 ||     4
  Eat: Chunk             |     2 |     1 ||     3
Armor: Robe              |     9 |     1 ||    10
Dodge: Dodged            |    25 |     1 ||    26
